 Dungeon Crawl Stone Soup version 0.24-a0-230-g536ed4e (webtiles) character file.

Game seed: 16827308790355743123

140 MatthieuS the Conjurer (level 5, 0/28 HPs)
             Began as a Deep Elf Conjurer on Apr 2, 2019.
             Succumbed to Crazy Yiuf's poison
             ... on level 2 of the Dungeon.
             The game lasted 00:02:53 (2292 turns).

MatthieuS the Conjurer (Deep Elf Conjurer)          Turns: 2292, Time: 00:02:54

Health: 0/28       AC:  2    Str:  6    XL:     5   Next: 2%
Magic:  11/14      EV: 18    Int: 25    God:
Gold:   110        SH:  0    Dex: 20    Spells: 11/14 levels left

rFire    + . .     SeeInvis .   (no weapon)
rCold    + . .     Gourm    .   (no shield)
rNeg     . . .     Faith    .   a - +0 robe
rPois    +         Spirit   .   (no helmet)
rElec    +         Reflect  .   (no cloak)
rCorr    +         Harm     .   (no gloves)
MR       +....                  (no boots)
Stlth    +++.......             (no amulet)
HPRegen  0.09/turn              (no ring)
MPRegen  0.14/turn              (no ring)

@: brilliant, agile, lethally poisoned (0 -> -2), resistant, flying (expiring)
A: talons 1, deformed body, magic resistance 1, shaggy fur 1
a: no special abilities


You were on level 2 of the Dungeon.
You were not hungry.

You visited 1 branch of the dungeon, and saw 2 of its levels.

You collected 110 gold pieces.

Inventory:

Armour
 a - a +0 robe (worn)
 c - a +0 cloak
   (You took it off Crazy Yiuf on level 2 of the Dungeon)
Scrolls
 h - a scroll of identify {unknown}
Potions
 b - a potion of resistance
 i - a potion of agility
Comestibles
 e - 4 rations


   Skills:
 - Level 2.4 Dodging
 - Level 2.4 Stealth
 + Level 5.4 Spellcasting
 + Level 5.8 Conjurations


You had 11 spell levels left.
You knew the following spells:

 Your Spells              Type           Power        Failure   Level  Hunger
a - Magic Dart            Conj           ####         1%          1    None
b - Searing Ray           Conj           ######       1%          2    None

Your spell library contained the following spells:

 Spells                   Type           Power        Failure   Level  Hunger
 Dazzling Spray           Conj/Hex       #####.       1%          3    #......
 Iskenderun's Mystic Bla  Conj           ######..     1%          4    ###....
 Force Lance              Conj/Tloc      #####...     3%          4    ###....
 Fulminant Prism          Conj/Hex       #####.....   3%          4    ###....


Dungeon Overview and Level Annotations

Branches:
Dungeon (2/15)

Altars:
Okawaru
Xom


Innate Abilities, Weirdness & Mutations

You have sharp toenails.
Armour fits poorly on your strangely shaped body.
You are resistant to hostile enchantments. (MR+)
You are covered in fur. (AC +1)


Message History

* * * LOW HITPOINT WARNING * * *
You feel sick.
* * * LOW HITPOINT WARNING * * *
You feel sick.
There is an open translucent door here.
Things that are here:
a +4 quarterstaff of chaos; a +0 cloak; 2 sedimented orange potions There isn't anything to butcher here.
c - a +0 cloak;
i - 2 sedimented orange potions
* * * LOW HITPOINT WARNING * * *
You feel sick.
It was a potion of resistance.
You feel protected.
* * * LOW HITPOINT WARNING * * *
You feel sick.
It was a potion of agility.
You feel agile all of a sudden.
* * * LOW HITPOINT WARNING * * *
You feel sick.
It was a potion of mutation.
You feel extremely strange. Fur sprouts all over your body.
Your body twists and deforms.
Your toenails lengthen and sharpen.
You feel resistant to hostile enchantments.
Unknown command.
It was a potion of flight.
You feel very buoyant.
You fly up into the air.
* * * LOW HITPOINT WARNING * * *
You feel sick.
It was a potion of brilliance.
You feel clever all of a sudden.
* * * LOW HITPOINT WARNING * * *
You feel sick.
* * * LOW HITPOINT WARNING * * *
You feel sick.
* * * LOW HITPOINT WARNING * * *
You feel sick.
* * * LOW HITPOINT WARNING * * *
You feel sick.
Unknown command.
Unknown command.
* * * LOW HITPOINT WARNING * * *
You feel sick.
Unknown command.
* * * LOW HITPOINT WARNING * * *
You feel sick.
You are starting to lose your buoyancy.
* * * LOW HITPOINT WARNING * * *
You feel sick.
You die...

##...###. #####
########### #####.....##.
....#
#.........####..........#.
.##.#
#.###..........##.........
.##.# #.#
#.###.######..........
.##.# #.# #.###.#
###+..+###. .##.# #.#
#...#.# #....# #. .##.#
#.# ###.#.# ♣....♣ ##
.##.####.# #.#@# ♣♣...♣
......##.#####.#.# ♣♣.♣♣
.##.#.##.........# ♣♣.♣
.##.#.########.### ♣.♣♣ ##
.##.#.# #.# ♣♣.♣ #.
....#.# ##.## ### ♣.♣♣ ##
..###.#######...####.# #)#
## ...................'.#
#...# #.
......#######...####.#
#...# #.


There were no monsters in sight!

Vanquished Creatures
  Crazy Yiuf (D:2)
  5 adders (D:2)
  3 worms (D:2)
  A dart slug (D:2)
  8 bats
  A giant cockroach (D:2)
  8 hobgoblins
  2 jackals (D:2)
  A quokka (D:2)
  A frilled lizard (D:1)
  9 goblins
  9 kobolds
  6 rats
55 creatures vanquished.

Notes
Turn   | Place    | Note
-------+----------+-------------------------------------------
     0 | D:1      | MatthieuS the Deep Elf Conjurer began the quest for the
                  | Orb.
     0 | D:1      | Reached XP level 1. HP: 10/10 MP: 6/6
   152 | D:1      | Reached XP level 2. HP: 15/15 MP: 1/8
   548 | D:1      | Found a shimmering altar of Xom.
   671 | D:2      | Reached skill level 5 in Conjurations
   671 | D:2      | Reached XP level 3. HP: 19/19 MP: 4/10
   759 | D:2      | Found a faded altar of an unknown god.
   926 | D:2      | Found a runed translucent door.
   927 | D:2      | Noticed Crazy Yiuf
   967 | D:2      | Learned a level 2 spell: Searing Ray
  1059 | D:2      | Found an iron altar of Okawaru.
  1076 | D:2      | Reached XP level 4. HP: 24/24 MP: 8/12
  1638 | D:2      | Reached skill level 5 in Spellcasting
  2262 | D:2      | Killed Crazy Yiuf
  2262 | D:2      | Reached XP level 5. HP: 11/28 MP: 6/14
  2267 | D:2      | Gained mutation: You are covered in fur. (AC +1) [potion of
                  | mutation]
  2267 | D:2      | Gained mutation: Armour fits poorly on your strangely
                  | shaped body. [potion of mutation]
  2267 | D:2      | Gained mutation: You have sharp toenails. [potion of
                  | mutation]
  2267 | D:2      | Gained mutation: You are resistant to hostile enchantments.
                  | (MR+) [potion of mutation]
  2288 | D:2      | HP: 1/28 [poisoned by Crazy Yiuf]
  2292 | D:2      | Succumbed to Crazy Yiuf's poison

Levels and vault maps discovered:
D:1:      mrwooster_arrival_arrow, layout_basic, xom_teletrap_fun
D:2:      layout_loops_corners, chequers_ecumenical_altar_simple, first_ration,
          grunt_decor_mini_mirrors, okawaru_gym_becter, uniq_crazy_yiuf_cottage

Skill      XL: |  1  2  3  4 |
---------------+-------------+-----
Spellcasting   | 4 5 |  5.4
Conjurations   | 5 |  5.8
Dodging        | |  2.4
Stealth        | |  2.4

Action                   |  1- 3 |  4- 6 || total
-------------------------+-------+-------++-------
 Cast: Magic Dart        |    71 |    46 ||   117
       Searing Ray       |       |     3 ||     3
  Use: Potion            |       |     5 ||     5
  Eat: Chunk             |       |     4 ||     4
Armor: Robe              |     2 |     2 ||     4
Dodge: Dodged            |     7 |     3 ||    10

Table legend:
 A = Non-vault XP
 B = Vault XP
 C = Vault XP percentage of total XP
 D = Non-vault monster count
 E = Vault monster count
 F = Vault count percentage of total count
                 A         B        C        D         E       F
            +---------+---------+-------+---------+---------+-------
      Total |     158 |      42 |  21.0 |      54 |       1 |   1.8
            +---------+---------+-------+---------+---------+-------
        D:1 |      36 |       0 |   0.0 |      23 |       0 |   0.0
        D:2 |     122 |      42 |  25.6 |      31 |       1 |   3.1
            +---------+---------+-------+---------+---------+-------
